 Dungeon Crawl Stone Soup version 0.22.0-5-gf09313c8f9 (webtiles) character file.

81179 Anaz the Warrior (level 16, -13/205 HPs)
             Began as a Human Skald on Aug 13, 2018.
             Was the Champion of Okawaru.
             Mangled by a saltling (16 damage)
             ... in the Desolation of Salt on Aug 14, 2018.
             The game lasted 03:00:18 (23173 turns).

Anaz the Warrior (Human Skald)                     Turns: 23173, Time: 03:00:19

Health: -13/205    AC: 14    Str: 25    XL:     16   Next: 17%
Magic:  9/22       EV: 16    Int: 21    God:    Okawaru [******]
Gold:   1454       SH:  0    Dex: 11    Spells: 3/23 levels left

rFire    . . .     SeeInvis .   S - +6 dire flail of Eternal Vigilance {speed, +Rage Str+9 Dex-5}
rCold    . . .     Gourm    .   (shield currently unavailable)
rNeg     . . .     Faith    .   M - +0 troll leather armour
rPois    .         Spirit   .   C - +0 helmet
rElec    .         Reflect  .   e - +2 cloak of Siown {MR+}
rCorr    .         Harm     .   K - +2 pair of gloves of the Dungeon {Dex+3}
MR       +++..                  v - +0 pair of boots
Stlth    ..........             E - amulet of the acrobat
HPRegen  0.84/turn              l - ring of protection from magic
MPRegen  0.18/turn              y - ring of stealth

@: berserking, lethally poisoned (-13 -> -13), infused (expiring), studying
Earth Magic, very quick
A: no striking features
a: Heroism, Finesse, Renounce Religion, Evoke Berserk Rage


You were in the Desolation of Salt.
You worshipped Okawaru.
Okawaru was exalted by your worship.
You were hungry.

You visited 5 branches of the dungeon, and saw 23 of its levels.
You also visited: Labyrinth and Desolation.

You collected 2038 gold pieces.
You spent 584 gold pieces at shops.

Inventory:

Hand Weapons
 w - the +7 dire flail of Arrival {crush, +Blink rPois rC+ Dex-4}
   (Okawaru gifted it to you in the Desolation of Salt)

   It inflicts extra damage upon your enemies.
   It affects your dexterity (-4).
   It protects you from cold.
   It protects you from poison.
   It lets you blink.
 S - the +6 dire flail of Eternal Vigilance (weapon) {speed, +Rage Str+9 Dex-5}
   (Okawaru gifted it to you on level 1 of the Lair of Beasts)

   Attacks with this weapon are significantly faster.
   It affects your strength (+9).
   It affects your dexterity (-5).
   It lets you go berserk.
Missiles
 a - a throwing net (quivered)
Armour
 e - the +2 cloak of Siown (worn) {MR+}
   (Okawaru gifted it to you on level 1 of the Orcish Mines)

   It affects your resistance to hostile enchantments.
 v - a +0 pair of boots (worn)
 C - a +0 helmet (worn)
 K - the +2 pair of gloves of the Dungeon (worn) {Dex+3}
   (Okawaru gifted it to you on level 6 of the Lair of Beasts)

   It affects your dexterity (+3).
 M - a +0 troll leather armour (worn)
Jewellery
 l - a ring of protection from magic (left hand)
 m - an uncursed ring of ice
 q - an uncursed ring of protection from fire
 y - a ring of stealth (right hand)
 E - an amulet of the acrobat (around neck)
 P - an uncursed ring of protection from cold
Wands
 b - a wand of disintegration (45)
 g - a wand of acid (20)
 r - a wand of clouds (3)
 u - a wand of enslavement (9)
 B - a wand of iceblast (10)
 R - a wand of digging (29)
Scrolls
 f - 6 scrolls of remove curse
 h - a scroll of enchant weapon
 i - 6 scrolls of fog
 j - 8 scrolls of teleportation
 p - 3 scrolls of fear
 s - 2 scrolls of magic mapping
 F - 3 scrolls of silence
 J - a scroll of identify
 N - a scroll of blinking
 O - 2 scrolls of amnesia {unknown}
 Q - a scroll of immolation {unknown}
 V - 2 scrolls of enchant armour {unknown}
Potions
 c - 6 potions of curing
 k - 2 potions of might
 n - 2 potions of agility
 o - 6 potions of flight
 x - 5 potions of brilliance
 z - 2 potions of magic
 A - 4 potions of haste
 G - a potion of mutation {unknown}
 L - a potion of resistance {unknown}
 T - 2 potions of degeneration {unknown}
 U - a potion of cancellation {unknown}
 Z - 3 potions of heal wounds
Books
 W - a manual of Earth Magic
Comestibles
 d - 24 rations


   Skills:
 * Level 15.6 Fighting
 - Level 14.0 Maces & Flails
 - Level 7.0 Armour
 - Level 9.9 Dodging
 + Level 4.2 Spellcasting
 - Level 5.2 Charms
 - Level 10.1 Air Magic
 - Level 5.1 Evocations


You had 3 spell levels left.
You knew the following spells:

 Your Spells              Type           Power        Failure   Level  Hunger
a - Infusion              Chrm           ####         1%          1    None
b - Song of Slaying       Chrm           ####....     2%          2    #......
c - Spectral Weapon       Hex/Chrm       ###.....     13%         3    ###....
d - Regeneration          Chrm/Necr      ###.......   13%         3    ###....
e - Shroud of Golubria    Chrm/Tloc      ###.......   7%          2    #......
f - Swiftness             Chrm/Air       #####...     1%          2    #......
g - Mephitic Cloud        Conj/Pois/Air  ###.....     10%         3    ###....
h - Summon Lightning Spi  Summ/Air       ####....     16%         4    ####...

Your spell library contained the following spells:

 Spells                   Type           Power        Failure   Level  Hunger
 Magic Dart               Conj           #...         13%         1    None
 Fireball                 Conj/Fire      #.........   98%         5    ######.
 Apportation              Tloc           #.....       13%         1    None
 Conjure Flame            Conj/Fire      #.......     36%         3    ###....
 Lightning Bolt           Conj/Air       ####......   41%         5    ######.
 Slow                     Hex            #.......     21%         2    #......
 Confuse                  Hex            #.......     36%         3    ###....
 Throw Flame              Conj/Fire      #.....       21%         2    #......
 Summon Small Mammal      Summ           #...         13%         1    None
 Bolt of Draining         Conj/Necr      #.........   98%         5    ######.
 Blink                    Tloc           N/A          21%         2    #......
 Animate Skeleton         Necr           N/A          13%         1    None
 Sticky Flame             Conj/Fire      #.......     78%         4    ####...
 Summon Ice Beast         Ice/Summ       #.......     78%         4    ####...
 Call Imp                 Summ           #.......     21%         2    #......
 Dispel Undead            Necr           #.......     98%         5    ######.
 Sublimation of Blood     Necr           #.........   21%         2    #......
 Tukima's Dance           Hex            #.......     36%         3    ###....
 Corpse Rot               Necr           N/A          21%         2    #......
 Shock                    Conj/Air       ####         1%          1    None
 Agony                    Necr           #.......     98%         5    ######.
 Airstrike                Air            #####.....   1%          4    ####...
 Confusing Touch          Hex            #.....       13%         1    None
 Flame Tongue             Conj/Fire      #....        13%         1    None
 Call Canine Familiar     Summ           #.......     36%         3    ###....
 Ensorcelled Hibernation  Hex/Ice        #.....       21%         2    #......
 Summon Butterflies       Summ           #.......     13%         1    None
 Static Discharge         Conj/Air       ####....     4%          3    ###....
 Corona                   Hex            #......      13%         1    None
 Excruciating Wounds      Chrm/Necr      ###.......   77%         5    ######.
 Summon Hydra             Summ           #.........   100%        7    #######
 Inner Flame              Hex/Fire       #.......     36%         3    ###....
 Dazzling Spray           Conj/Hex       #.....       36%         3    ###....
 Summon Guardian Golem    Hex/Summ       #.......     36%         3    ###....
 Summon Mana Viper        Hex/Summ       #.......     98%         5    ######.


Dungeon Overview and Level Annotations

Branches:
Dungeon (12/15)            Temple (1/1) D:5            Lair (6/6) D:10
  Swamp (0/4) Lair:4        Snake (0/4) Lair:3        Slime (0/5) Lair:6
    Orc (2/2) D:11            Elf (2/3) Orc:2

Altars:
Cheibriados
Dithmenos
Elyvilon
Gozag
Kikubaaqudgha
Okawaru
Vehumet
Wu Jian
Yredelemnul
Zin
Beogh

Shops:
Orc:1 (}:   Orc:2 ?((:   Elf:2 %

Annotations:
D:4 exclusion: downstairs
Lair:6 exclusion: oklob plant
Elf:2 3 runed doors


Message History

* * * LOW HITPOINT WARNING * * *
Unknown command.
You hit the peacekeeper.
The peacekeeper is almost destroyed.
You feel sick.
Your spectral weapon hits the peacekeeper!
You destroy the peacekeeper!
Okawaru accepts your kill. The saltling misses you. x2
You sock the ragged hierophant!
The ragged hierophant is lightly wounded.
Your spectral weapon hits the ragged hierophant!!
The saltling barely misses you.
Unknown command.
You sock the ragged hierophant!
The ragged hierophant is heavily wounded.
Your magical infusion is running out.
Your spectral weapon barely misses the ragged hierophant.
The saltling hits you!
You die...

§.§§§§§§§§§#
§§§§§§§§§§§# .
§§§§§§§§.# §§§§§.# #
§§§..§# #p .
§§§§..## .# ...
§§§§§..## .##8.#.
§§§§§...####8......
§§§§§.§§§§8@8......
...§.§§§§§8§p......
...#§.§§.§§(.......
...§.§§§§§§§§§......
...§§ §§§§§§..§§....
§§§§....#...
§§§........
§§§......


You could see 2 ragged hierophants, 5 saltlings and a friendly spectral dire
flail of Eternal Vigilance {speed, +Rage Str+9 Dex-5}.

Vanquished Creatures
  Rupert (Lair:4)
  Agnes (Elf:2)
  A stone giant (Orc:1)
  A minotaur (Lab)
  6 dire elephants (Lair:6)
  2 ragged hierophants (Desolation)
  5 peacekeepers
  3 servants of whispers (Desolation)
  6 hydras
  An anaconda (Lair:6)
  A catoblepas (Lair:3)
  6 dancing weapons
  A two-headed ogre (D:11)
  4 orc high priests (Orc:2)
  Nergalle (Lair:2)
  Sonja (Lair:4)
  4 deep elf knights
  An unseen horror (Lab)
  8 deep elf archers
  A lindwurm (Lair:4)
  5 orc knights (Orc:2)
  15 deep elf magi
  3 orc sorcerers (Orc:2)
  2 cyclopes (D:11)
  A manticore (D:11)
  15 elephants
  A guardian serpent (Desolation)
  A black mamba (Lair:6)
  5 spiny frogs
  A komodo dragon (Lair:1)
  A rime drake (Lair:3)
  A minotaur skeleton (Lab)
  4 trolls
  A polar bear (Lair:2)
  3 blink frogs (Lair:1)
  A slime creature (Lair:4)
  8 hippogriffs
  14 saltlings (Desolation)
  Sigmund (D:5)
  A spriggan (Lair:2)
  26 yaks
  A fire elemental (Elf:2)
  3 hungry ghosts
  5 basilisks
  A soldier ant (D:11)
  A warg (Orc:2)
  6 nagas
  15 porcupines
  15 water moccasins
  17 orc warriors
  4 black bears
  3 ice beasts
  A phantom (D:10)
  3 sky beasts
  4 ogres
  2 centaurs
  28 wolves
  13 crocodiles
  A big kobold (D:9)
  11 bullfrogs
  A wyvern skeleton (D:11)
  6 scorpions
  4 killer bees (D:10)
  5 wights (D:10)
  2 howler monkeys
  3 crimson imps
  3 bullfrog zombies
  22 orc priests
  A hound (D:4)
  14 orc wizards
  8 jellies
  A quasit (D:11)
  2 bullfrog skeletons (D:6)
  3 iguanas
  7 hell rats (Lair:2)
  7 worker ants
  A hound zombie (D:9)
  A hound skeleton (D:4)
  8 gnolls
  12 adders
  3 shadow imps
  12 oozes (Lair:4)
  An adder zombie (D:6)
  An adder skeleton (D:9)
  2 worms
  3 dart slugs
  7 leopard geckos
  74 orcs
  6 bats
  2 giant cockroaches
  9 goblins
  5 hobgoblins
  3 jackals (D:7)
  5 quokkas
  A ball python (D:5)
  A ball python skeleton (D:4)
  7 frilled lizards
  A jackal skeleton (D:4)
  19 kobolds
  A quokka skeleton (D:5)
  2 quokka zombies
  10 rats
  5 plants
590 creatures vanquished.

Vanquished Creatures (others)
  A deep elf knight (Elf:2)
  10 fungi
  3 plants
  26 spectral weapons
40 creatures vanquished.

Grand Total: 630 creatures vanquished

Notes
Turn   | Place    | Note
-------+----------+-------------------------------------------
     0 | D:1      | Anaz the Human Skald began the quest for the Orb.
     0 | D:1      | Reached XP level 1. HP: 16/16 MP: 3/3
   884 | D:1      | Reached XP level 2. HP: 11/22 MP: 5/5
   888 | D:1      | Learned a level 2 spell: Song of Slaying
  1866 | D:1      | Reached XP level 3. HP: 26/27 MP: 6/6
  1871 | D:1      | Learned a level 3 spell: Spectral Weapon
  2713 | D:2      | Found a faded altar of an unknown god.
  2877 | D:3      | Found an ancient bone altar of Kikubaaqudgha.
  2908 | D:3      | Reached XP level 4. HP: 31/33 MP: 7/7
  2957 | D:3      | Found a shadowy altar of Dithmenos.
  3164 | D:3      | Found an opulent altar of Gozag.
  3165 | D:3      | Found a glowing silver altar of Zin.
  3315 | D:3      | Reached XP level 5. HP: 13/38 MP: 4/8
  3324 | D:3      | Reached skill level 5 in Maces & Flails
  3858 | D:4      | Reached XP level 6. HP: 44/44 MP: 5/9
  3863 | D:4      | Learned a level 3 spell: Regeneration
  3931 | D:5      | Entered Level 5 of the Dungeon
  3931 | D:5      | Noticed a sky beast
  4329 | D:4      | Found a basalt altar of Yredelemnul.
  4370 | D:4      | Reached XP level 7. HP: 49/50 MP: 6/10
  4893 | D:5      | Found a staircase to the Ecumenical Temple.
  5149 | Temple   | Entered the Ecumenical Temple
  5165 | Temple   | Became a worshipper of Warmaster Okawaru
  5196 | D:6      | Noticed Sigmund
  5344 | D:5      | Killed Sigmund
  5344 | D:5      | Reached XP level 8. HP: 39/56 MP: 10/13
  5708 | D:6      | Reached * piety under Okawaru
  6175 | D:6      | Reached skill level 5 in Charms
  6521 | D:6      | Reached skill level 5 in Armour
  6521 | D:6      | Reached XP level 9. HP: 62/62 MP: 12/15
  6760 | D:7      | Reached ** piety under Okawaru
  6869 | D:7      | Reached skill level 3 in Fighting
  7022 | D:7      | Noticed a hippogriff
  7032 | D:7      | Killed a hippogriff
  7037 | D:7      | Reached skill level 4 in Fighting
  7258 | D:7      | Noticed a hippogriff
  7273 | D:7      | Killed a hippogriff
  7310 | D:7      | Found an iron altar of Okawaru.
  8003 | D:8      | Found a white marble altar of Elyvilon.
  8077 | D:8      | Reached *** piety under Okawaru
  8077 | D:8      | Reached skill level 5 in Fighting
  8193 | D:8      | Reached skill level 5 in Dodging
  8923 | D:10     | Entered Level 10 of the Dungeon
  8958 | D:9      | Reached XP level 10. HP: 52/74 MP: 16/16
  9454 | D:9      | Found an ornate altar of the Wu Jian Council.
  9633 | D:9      | Found a radiant altar of Vehumet.
  9633 | D:9      | Found a snail-covered altar of Cheibriados.
 10099 | D:10     | Reached **** piety under Okawaru
 10263 | D:10     | Reached skill level 6 in Fighting
 10279 | D:10     | Reached skill level 10 in Maces & Flails
 10349 | D:10     | Reached ***** piety under Okawaru
 10495 | D:10     | Found a staircase to the Lair.
 10813 | D:10     | Reached XP level 11. HP: 83/83 MP: 14/17
 10872 | D:11     | Noticed a four-headed hydra
 11028 | Lair:1   | Entered Level 1 of the Lair of Beasts
 11311 | Lair:1   | Found a labyrinth entrance.
 11319 | Lab      | Entered a labyrinth
 11479 | Lab      | Killed an unseen horror
 12048 | Lab      | Reached skill level 7 in Fighting
 12623 | Lab      | Noticed a minotaur
 12643 | Lab      | HP: 4/84 [minotaur/flail (2)]
 12646 | Lab      | Killed a minotaur
 12659 | Lab      | Got a translucent dagger
 13197 | Lair:1   | Received a gift from Okawaru
 13207 | Lair:1   | Got a bone dire flail {god gift}
 13208 | Lair:1   | Identified the +6 dire flail of Eternal Vigilance {speed, +Rage Str+9 Dex-5} (Okawaru gifted it to you on level 1 of the Lair of Beasts)
 13766 | Lair:2   | Reached XP level 12. HP: 89/91 MP: 18/18
 13996 | Lair:2   | Noticed Nergalle
 14028 | Lair:2   | Killed Nergalle
 14074 | Lair:2   | Received a gift from Okawaru
 14078 | Lair:2   | Reached skill level 8 in Fighting
 14081 | Lair:2   | Got a shimmering mace {god gift}
 14082 | Lair:2   | Identified the +5 mace "Doempoem" {venom, rPois Str+2} (Okawaru gifted it to you on level 2 of the Lair of Beasts)
 14103 | Lair:2   | Reached skill level 1 in Evocations
 14332 | Lair:2   | Noticed a seven-headed hydra
 14342 | Lair:2   | Killed a seven-headed hydra
 14346 | Lair:2   | Learned a level 2 spell: Shroud of Golubria
 14359 | Lair:2   | Reached skill level 5 in Evocations
 14777 | Lair:3   | Received a gift from Okawaru
 14941 | Lair:3   | Reached skill level 9 in Fighting
 14941 | Lair:3   | Reached XP level 13. HP: 101/101 MP: 19/19
 14993 | Lair:3   | Found a staircase to the Snake Pit.
 15223 | Lair:3   | Noticed a catoblepas
 15238 | Lair:3   | Killed a catoblepas
 15238 | Lair:3   | Reached ****** piety under Okawaru
 15290 | Lair:3   | Found an ornate altar of the Wu Jian Council.
 15537 | Lair:4   | Noticed Sonja
 15551 | Lair:4   | Killed Sonja
 15577 | Lair:4   | Reached skill level 10 in Fighting
 15847 | Lair:6   | Entered Level 6 of the Lair of Beasts
 15847 | Lair:6   | Found a staircase to the Slime Pits.
 15881 | Lair:4   | Noticed Rupert
 15888 | Lair:4   | Received a gift from Okawaru
 16121 | Lair:4   | Paralysed by Rupert for 4 turns
 16142 | Lair:4   | Killed Rupert
 16142 | Lair:4   | Reached skill level 11 in Fighting
 16282 | Lair:4   | Found a staircase to the Swamp.
 17342 | Lair:5   | Reached skill level 12 in Fighting
 17379 | Lair:5   | Noticed a five-headed hydra
 17388 | Lair:5   | Killed a five-headed hydra
 17500 | Lair:6   | Noticed a six-headed hydra
 17511 | Lair:6   | Killed a six-headed hydra
 17511 | Lair:6   | Reached XP level 14. HP: 103/115 MP: 9/20
 18180 | Lair:6   | Received a gift from Okawaru
 18181 | Lair:6   | Got a pair of heavily runed gloves {god gift}
 18192 | Lair:6   | Identified the +2 pair of gloves of the Dungeon {Dex+3} (Okawaru gifted it to you on level 6 of the Lair of Beasts)
 18200 | Lair:6   | Noticed a dire elephant
 18200 | Lair:6   | Noticed a dire elephant
 18233 | Lair:6   | Noticed a dire elephant
 18237 | Lair:6   | Noticed a dire elephant
 18294 | Lair:6   | Killed a dire elephant
 18294 | Lair:6   | Reached skill level 13 in Fighting
 18305 | Lair:6   | Killed a dire elephant
 18317 | Lair:6   | Killed a dire elephant
 18495 | Lair:6   | Got a twisted large shield
 18502 | Lair:6   | Identified the cursed +0 large shield of Qevaept {rN+ MR++} (You found it on level 6 of the Lair of Beasts)
 18539 | Lair:6   | Noticed a dire elephant
 18563 | Lair:6   | Killed a dire elephant
 18636 | Lair:6   | Killed a dire elephant
 18637 | Lair:6   | Noticed a dire elephant
 18652 | Lair:6   | Killed a dire elephant
 19127 | D:11     | Reached skill level 14 in Fighting
 19128 | D:11     | Found a staircase to the Orcish Mines.
 19293 | D:11     | Learned a level 2 spell: Swiftness
 19589 | Orc:1    | Entered Level 1 of the Orcish Mines
 19623 | Orc:2    | Entered Level 2 of the Orcish Mines
 19700 | Orc:1    | Noticed a stone giant
 19706 | Orc:1    | Killed a stone giant
 19706 | Orc:1    | Received a gift from Okawaru
 19707 | Orc:1    | Got a crude cloak {god gift}
 19717 | Orc:1    | Found Jeijie's Gadget Shoppe.
 19736 | Orc:1    | Identified the +2 cloak of Siown {MR+} (Okawaru gifted it to you on level 1 of the Orcish Mines)
 19737 | Orc:1    | Found a roughly hewn altar of Beogh.
 19756 | Orc:1    | Found Tuuppu's Antique Weapon Boutique.
 19911 | Orc:1    | Found Ostropnu's Book Shoppe.
 19919 | Orc:1    | Bought a book of Minor Magic for 200 gold pieces
 19923 | Orc:1    | Learned a level 3 spell: Mephitic Cloud
 20310 | Orc:2    | Found a staircase to the Elven Halls.
 20789 | Orc:2    | Reached skill level 1 in Air Magic
 20808 | Orc:2    | Found a roughly hewn altar of Beogh.
 21277 | Orc:2    | Reached XP level 15. HP: 114/127 MP: 1/21
 21427 | Orc:2    | Reached skill level 5 in Air Magic
 21516 | Orc:2    | Found Kumav's Book Emporium.
 21516 | Orc:2    | Found Rofogodd's Weapon Boutique.
 21518 | Orc:2    | Found Maturch's Weapon Emporium.
 21518 | Orc:2    | Found Muitupp's Magic Scroll Boutique.
 21527 | Orc:2    | Bought a scroll of teleportation for 42 gold pieces
 21527 | Orc:2    | Bought a scroll of teleportation for 42 gold pieces
 21591 | Orc:1    | Bought a book of Callings for 300 gold pieces
 21596 | Orc:1    | Learned a level 4 spell: Summon Lightning Spire
 21827 | Elf:1    | Entered Level 1 of the Elven Halls
 22078 | Elf:2    | Found a runed gate.
 22078 | Elf:2    | Found a runed gate.
 22080 | Elf:2    | Found a runed gate.
 22089 | Elf:2    | Noticed Agnes
 22205 | Elf:2    | Received a gift from Okawaru
 22243 | Elf:2    | Killed Agnes
 22566 | Elf:2    | Reached skill level 10 in Air Magic
 22669 | Elf:2    | Found Agiotipe's Food Emporium.
 22704 | Elf:2    | Found a ruined gateway.
 22735 | Desolati | Entered the Desolation of Salt
 22782 | Desolati | Reached skill level 15 in Fighting
 22883 | Desolati | Reached XP level 16. HP: 130/136 MP: 11/22
 23122 | Desolati | Received a gift from Okawaru
 23125 | Desolati | Got a twisted dire flail {god gift}
 23126 | Desolati | Identified the +7 dire flail of Arrival {crush, +Blink rPois rC+ Dex-4} (Okawaru gifted it to you in the Desolation of Salt)
 23170 | Desolati | HP: 4/204 [peacekeeper (8)]
 23173 | Desolati | Mangled by a saltling

Skill      XL: |  1  2  3  4  5  6  7  8  9 10 11 12 13 14 15 |
---------------+----------------------------------------------+-----
Maces & Flails | 3 4 5 7 10 13 14 | 14.0
Armour         | 3 5 6 7 |  7.0
Spellcasting   | 3 4 |  4.2
Charms         | 4 5 |  5.2
Dodging        | 5 6 7 8 9 |  9.9
Fighting       | 5 6 7 9 12 14 15 | 15.6
Evocations     | 5 |  5.1
Air Magic      | 4 10 | 10.1

Action                   |  1- 3 |  4- 6 |  7- 9 | 10-12 | 13-15 | 16-18 || total
-------------------------+-------+-------+-------+-------+-------+-------++-------
Melee: Mace              |    98 |   121 |    11 |       |       |       ||   230
       Unarmed           |    30 |       |       |       |       |       ||    30
       Flail             |       |       |   248 |    74 |       |       ||   322
       Great mace        |       |       |       |   250 |       |       ||   250
       Dire flail        |       |       |       |   266 |  1062 |    67 ||  1395
 Cast: Spectral Weapon   |     2 |    11 |    26 |    26 |    44 |     2 ||   111
       Regeneration      |       |     1 |    12 |    19 |    43 |     2 ||    77
       Infusion          |       |       |     3 |     5 |    12 |     1 ||    21
       Song of Slaying   |       |       |     2 |     2 |     4 |       ||     8
       Shroud of Golubri |       |       |       |       |     7 |       ||     7
       Mephitic Cloud    |       |       |       |       |     7 |       ||     7
       Swiftness         |       |       |       |       |     1 |       ||     1
       Summon Lightning  |       |       |       |       |     1 |       ||     1
Invok: Heroism           |       |       |     1 |     7 |     2 |       ||    10
 Abil: Evoke Berserk Rag |       |       |       |       |     2 |       ||     2
Evoke: Wand              |       |       |       |       |     8 |       ||     8
  Use: Scroll            |       |       |     5 |     8 |    12 |       ||    25
       Potion            |       |       |       |     4 |       |     1 ||     5
 Stab: Distracted        |       |     2 |     2 |     1 |     6 |       ||    11
       Sleeping          |       |       |       |     2 |     9 |       ||    11
  Eat: Chunk             |     7 |     6 |    17 |    21 |    33 |     1 ||    85
       Ration            |       |       |     1 |     2 |     1 |       ||     4
Armor: Leather armour    |    41 |    25 |    70 |    40 |       |       ||   176
       Troll leather arm |       |       |       |   103 |   131 |     8 ||   242
Dodge: Dodged            |    91 |    64 |   139 |   316 |   413 |    37 ||  1060
